 Dungeon Crawl Stone Soup version 0.27.0-1-g7a089689b8 (webtiles) character file.

Game seed: 3859729772871044591

414 sanka the Chopper (level 6, -11/53 HPs)
             Began as a Gnoll Berserker on Aug 13, 2021.
             Was a Believer of Trog.
             Mangled by a wyvern skeleton (12 damage)
             ... on level 6 of the Dungeon.
             The game lasted 00:02:39 (2283 turns).

sanka the Chopper (Gnoll Berserker)                 Turns: 2283, Time: 00:02:40

Health: -11/53     AC:  3    Str: 18    XL:     6   Next: 91%
Magic:  9/9        EV: 11    Int:  7    God:    Trog [**....]
Gold:   160        SH:  8    Dex: 11    Spells: 9/9 levels left

rFire    . . .     SeeInvis .   a - +0 spear (venom)
rCold    . . .     Faith    .   h - +0 kite shield
rNeg     . . .     Spirit   .   g - +0 animal skin
rPois    .         Reflect  .   (no helmet)
rElec    .         Harm     .   (no cloak)
rCorr    .         Rampage  .   d - +0 pair of gloves
Will     .....                  (no boots)
Stlth    ++........             (no amulet)
HPRegen  0.17/turn              (no ring)
MPRegen  0.11/turn              (no ring)

@: no status effects
A: fangs 1, strong nose, distributed training
a: Renounce Religion, Berserk, Trog's Hand


You were on level 6 of the Dungeon.
You worshipped Trog.
Trog was pleased with you.
You visited 1 branch of the dungeon, and saw 4 of its levels.

You collected 160 gold pieces.


Innate Abilities, Weirdness & Mutations

You have very sharp teeth.
Your uncanny sense of smell can sniff out nearby items.
Your experience applies equally to all skills.


   Skills:
 + Level 6.9 Fighting
 + Level 2.1 Short Blades
 + Level 2.1 Long Blades
 + Level 6.9 Axes
 + Level 2.1 Maces & Flails
 + Level 2.1 Polearms
 + Level 2.1 Staves
 + Level 2.1 Slings
 + Level 2.1 Bows
 + Level 2.1 Crossbows
 + Level 2.1 Throwing
 + Level 5.1 Armour
 + Level 5.1 Dodging
 + Level 2.1 Stealth
 + Level 2.1 Shields
 + Level 2.1 Unarmed Combat
 + Level 2.1 Spellcasting
 + Level 1.7 Conjurations
 + Level 1.7 Hexes
 + Level 1.7 Summonings
 + Level 1.7 Necromancy
 + Level 1.7 Translocations
 + Level 1.7 Transmutations
 + Level 1.7 Fire Magic
 + Level 1.7 Ice Magic
 + Level 1.7 Air Magic
 + Level 1.7 Earth Magic
 + Level 1.7 Poison Magic
 + Level 2.4 Invocations
 + Level 2.1 Evocations


You had 9 spell levels left.
You didn't know any spells.
Your spell library was empty.

Inventory:

Hand Weapons
 a - a +0 spear of venom (weapon)
 b - a +0 hand axe
 p - a +1 dagger of distortion
Armour
 d - a +0 pair of gloves (worn)
 g - a +0 animal skin (worn)
 h - a +0 kite shield (worn)
Scrolls
 c - a scroll of brand weapon {unknown}
 i - a scroll of teleportation {unknown}
 k - a scroll of fog {unknown}
 l - a scroll of identify {unknown}
 m - a scroll of immolation {unknown}
 n - a scroll of blinking {unknown}
Potions
 e - a potion of degeneration {unknown}
 f - a potion of heal wounds {@q2}
 j - 2 potions of flight {unknown}
 o - a potion of brilliance {unknown}

Dungeon Overview and Level Annotations

Branches:
Dungeon (6/15)
 Temple: D:4-7

Altars:

▒▒▒▒▒▒▒.▒▒▒.▒.▒▒▒▒
..................
▒▒▒▒▒▒▒.▒▒...▒▒▒▒▒▒▒
▒.▒▒..........
▒.▒.....▒▒▒▒▒ ▒▒
▒...........▒ .▒
▒▒......▒...▒ .▒
▒......▒...▒ .▒▒▒▒
▒.....g▒ .▒▒ .....
...▒▒▒▒Z▒ ..▒▒▒▒
▒▒▒.. ▒.. ......
.... ...▒ ▒.▒▒▒▒▒..
▒▒.. .......▒ ▒.▒
▒.▒▒▒▒.▒ ∆ ..
.......▒ ...
▒.▒....▒


You could see a wyvern skeleton.


Message History

You closely miss the iguana.
The iguana is lightly wounded.
The iguana bites you!
You hit the iguana but do no damage.
The iguana looks as sick as possible!
The iguana is lightly wounded.
You block the iguana's attack.
You hit the iguana.
The iguana looks as sick as possible!
The iguana is heavily wounded.
The iguana bites you!
* * * LOW HITPOINT WARNING * * *
The iguana bites you!
* * * LOW HITPOINT WARNING * * *
You hit the iguana but do no damage.
The iguana looks as sick as possible!
The iguana is severely wounded.
You kill the iguana!
Trog accepts your kill. The wyvern skeleton barely misses you.
You hit the wyvern skeleton.
The wyvern skeleton is lightly damaged.
The wyvern skeleton bites you.
* * * LOW HITPOINT WARNING * * *
You hit the wyvern skeleton.
The wyvern skeleton is moderately damaged.
The wyvern skeleton bites you!
* * * LOW HITPOINT WARNING * * *
The wyvern skeleton bites you!
You die...

Action                   |  1- 3 |  4- 6 || total
-------------------------+-------+-------++-------
Melee: Hand axe          |    47 |    11 ||    58
       Bite              |     7 |     2 ||     9
       Spear             |    46 |    34 ||    80
Invok: Berserk           |     1 |     1 ||     2
 Stab: Sleeping          |     5 |       ||     5
Armor: Animal skin       |    17 |     3 ||    20
Dodge: Dodged            |    34 |    12 ||    46
Block: Kite shield       |     9 |    15 ||    24

Levels and vault maps discovered:
D:1:      dpeg_arrival_orchard, layout_loops_ring, st_stairs_6,
          minmay_gold_behind_fungi
D:2:      layout_basic, shapermc_ecumenical_altar_pompeii
D:3:      layout_loops_corners, mainiacjoe_overflow_catwalk
D:6:      lemuel_ice_spiral_2, layout_basic, gammafunk_ghost_abyssal_escape,
          uniq_menkaure, uniq_duvessa

Notes
Turn   | Place    | Note
-------+----------+-------------------------------------------
     0 | D:1      | sanka the Gnoll Berserker began the quest for the Orb.
     0 | D:1      | Reached XP level 1. HP: 23/23 MP: 1/1
   226 | D:1      | Reached XP level 2. HP: 26/29 MP: 2/2
  1009 | D:2      | Reached XP level 3. HP: 35/35 MP: 3/3
  1418 | D:2      | Found a faded altar of an unknown god.
  1559 | D:2      | Reached skill level 1 in Invocations
  1771 | D:6      | Noticed a scorpion
  1775 | D:6      | Killed a scorpion
  1776 | D:6      | Reached skill level 1 in Short Blades
  1776 | D:6      | Reached skill level 1 in Long Blades
  1776 | D:6      | Reached skill level 1 in Maces & Flails
  1776 | D:6      | Reached skill level 1 in Polearms
  1776 | D:6      | Reached skill level 1 in Staves
  1776 | D:6      | Reached skill level 1 in Slings
  1776 | D:6      | Reached skill level 1 in Bows
  1776 | D:6      | Reached skill level 1 in Crossbows
  1776 | D:6      | Reached skill level 1 in Throwing
  1776 | D:6      | Reached skill level 1 in Stealth
  1776 | D:6      | Reached skill level 1 in Shields
  1776 | D:6      | Reached skill level 1 in Unarmed Combat
  1776 | D:6      | Reached skill level 1 in Spellcasting
  1776 | D:6      | Reached skill level 1 in Conjurations
  1776 | D:6      | Reached skill level 1 in Hexes
  1776 | D:6      | Reached skill level 1 in Summonings
  1776 | D:6      | Reached skill level 1 in Necromancy
  1776 | D:6      | Reached skill level 1 in Translocations
  1776 | D:6      | Reached skill level 1 in Transmutations
  1776 | D:6      | Reached skill level 1 in Fire Magic
  1776 | D:6      | Reached skill level 1 in Ice Magic
  1776 | D:6      | Reached skill level 1 in Air Magic
  1776 | D:6      | Reached skill level 1 in Earth Magic
  1776 | D:6      | Reached skill level 1 in Poison Magic
  1776 | D:6      | Reached skill level 1 in Evocations
  1776 | D:6      | Reached XP level 4. HP: 41/41 MP: 5/5
  1794 | D:6      | Noticed a necrophage
  1810 | D:6      | Killed a necrophage
  1811 | D:6      | Reached XP level 5. HP: 29/47 MP: 5/7
  1965 | D:6      | Reached ** piety under Trog
  2078 | D:6      | Reached skill level 2 in Invocations
  2078 | D:6      | Reached XP level 6. HP: 46/53 MP: 8/8
  2142 | D:6      | Noticed Duvessa
  2142 | D:6      | Noticed Dowan
  2150 | D:6      | Killed Duvessa
  2151 | D:6      | Reached skill level 2 in Short Blades
  2151 | D:6      | Reached skill level 2 in Long Blades
  2151 | D:6      | Reached skill level 2 in Maces & Flails
  2151 | D:6      | Reached skill level 2 in Polearms
  2151 | D:6      | Reached skill level 2 in Staves
  2151 | D:6      | Reached skill level 2 in Slings
  2151 | D:6      | Reached skill level 2 in Bows
  2151 | D:6      | Reached skill level 2 in Crossbows
  2151 | D:6      | Reached skill level 2 in Throwing
  2151 | D:6      | Reached skill level 5 in Armour
  2151 | D:6      | Reached skill level 5 in Dodging
  2151 | D:6      | Reached skill level 2 in Stealth
  2151 | D:6      | Reached skill level 2 in Shields
  2151 | D:6      | Reached skill level 2 in Unarmed Combat
  2151 | D:6      | Reached skill level 2 in Spellcasting
  2151 | D:6      | Reached skill level 2 in Evocations
  2158 | D:6      | Killed Dowan
  2283 | D:6      | HP: 1/53 [wyvern skeleton (12)]
  2283 | D:6      | Mangled by a wyvern skeleton

Vanquished Creatures
  Duvessa (D:6)
  A necrophage (D:6)
  A scorpion (D:6)
  Dowan (D:6)
  A hound (D:6)
  An iguana (D:6)
  An adder (D:6)
  2 white imps (D:6)
  An orc (D:3)
  2 ball pythons (D:2)
  2 bats (D:1)
  5 endoplasms
  2 giant cockroaches (D:2)
  5 goblins (D:1)
  8 jackals
  A kobold (D:2)
  2 quokkas (D:2)
  A frilled lizard (D:1)
  6 rats
44 creatures vanquished.

Vanquished Creatures (others)
  2 fungi (D:1)
  3 toadstools (D:1)
5 creatures vanquished.

Grand Total: 49 creatures vanquished
